 Dungeon Crawl Stone Soup version 0.31-a0-4-gefa6de2278 (webtiles) character file.

Game seed: 5289080907885321489

29273 NateTC the Blocker (level 13, -6/105 HPs)
             Began as a Gnoll Fighter on May 1, 2023.
             Was a High Priest of Okawaru.
             Mangled by a seven-headed hydra (9 damage)
             ... on level 5 of the Lair of Beasts on May 3, 2023.
             The game lasted 00:54:19 (20186 turns).

NateTC the Blocker (Gnoll Fighter)                 Turns: 20186, Time: 00:54:20

Health: -6/105     AC: 35    Str: 20    XL:     13   Next: 44%
Magic:  25/25      EV:  8    Int:  8    God:    Okawaru [*****.]
Gold:   1053       SH:  6    Dex:  9    Spells: 29/29 levels left

rFire   . . .        a - +3 double sword (protect)
rCold   + . .        c - +0 buckler
rNeg    . . .        L - +3 plate armour
rPois   .            o - +1 helmet
rElec   .            t - +0 cloak
rCorr   +            E - +0 pair of gloves "Norhal" {Regen+ rCorr Dex-3}
SInv    .            e - +0 pair of boots
Will    .....        (no amulet) Stlth
                     O - ring of protection from cold
HPRegen 1.17/turn    z - +4 ring of protection
MPRegen 0.19/turn

%: no passive effects
@: under a protective aura
A: fangs 1, strong nose, distributed training
a: Renounce Religion, Heroism, Finesse, Duel


You were on level 5 of the Lair of Beasts.
You worshipped Okawaru.
Okawaru was extremely pleased with you.
You visited 3 branches of the dungeon, and saw 15 of its levels.
You also visited: Ossuary and Ice Cave.

You collected 1053 gold pieces.

Inventory:

Hand Weapons
 a - a +3 double sword of protection (weapon)
 b - a +4 long sword of freezing
 q - the +4 lajatang of Compassion {antimagic, Str+2 Int+3}
   (Okawaru gifted it to you on level 2 of the Lair of Beasts)

   Str:       It affects your strength (+2).
   Int:       It affects your intelligence (+3).
 w - a +2 morningstar of freezing
Missiles
 m - 2 atropa-tipped darts (quivered)
 M - a throwing net
Armour
 c - a +0 buckler (worn)
 e - a +0 pair of boots (worn)
 o - a +1 helmet (worn)
 t - a +0 cloak (worn)
 y - +0 swamp dragon scales
 C - the +0 pair of gloves of Impermeability {rF+}
   (You acquired it on level 2 of the Lair of Beasts)

   rF:        It protects you from fire.
 E - the +0 pair of gloves "Norhal" (worn) {Regen+ rCorr Dex-3}
   (You found it on level 1 of the Lair of Beasts)

   Dex:       It affects your dexterity (-3).
   Regen:     It increases your rate of health regeneration.
   rCorr:     It protects you from acid and corrosion.
 L - a +3 plate armour (worn)
Jewellery
 f - a +6 ring of dexterity
 l - a +6 ring of strength
 v - a +6 ring of strength
 z - a +4 ring of protection (right hand)
 F - a ring of see invisible
 O - a ring of protection from cold (left hand)
Wands
 d - a wand of roots (25)
 J - a wand of flame (6)
 R - a wand of quicksilver (3)
Scrolls
 g - 2 scrolls of fear
 s - 8 scrolls of teleportation
 u - 2 scrolls of fog
 B - 2 scrolls of amnesia
 G - 3 scrolls of magic mapping
 K - 2 scrolls of enchant armour
 N - a scroll of poison
 P - a scroll of blinking
Potions
 h - 3 potions of flight
 i - 9 potions of curing
 j - 5 potions of brilliance
 k - 5 potions of lignification
 n - 2 potions of cancellation {unknown}
 p - 2 potions of resistance {unknown}
 r - 3 potions of haste {unknown}
 x - 2 potions of might
 A - a potion of berserk rage {unknown}
 D - a potion of attraction {unknown}
 H - a potion of magic
 I - 3 potions of mutation {unknown}


   Skills:
 + Level 10.8 Fighting
 + Level 8.6 Short Blades
 + Level 9.8 Long Blades
 + Level 8.6 Axes
 + Level 8.6 Maces & Flails
 + Level 8.6 Polearms
 + Level 8.6 Staves
 + Level 8.6 Ranged Weapons
 + Level 8.6 Throwing
 + Level 10.8 Armour
 + Level 8.6 Dodging
 + Level 8.6 Stealth
 + Level 10.8 Shields
 + Level 8.6 Unarmed Combat
 + Level 8.6 Spellcasting
 + Level 7.1 Conjurations
 + Level 7.1 Hexes
 + Level 7.1 Summonings
 + Level 7.1 Necromancy
 + Level 7.1 Translocations
 + Level 7.1 Transmutations
 + Level 7.1 Fire Magic
 + Level 7.1 Ice Magic
 + Level 7.1 Air Magic
 + Level 7.1 Earth Magic
 + Level 7.1 Poison Magic
 + Level 9.4 Invocations
 + Level 8.6 Evocations


You had 29 spell levels left.
You didn't know any spells.
Your spell library contained the following spells:

 Spells                   Type           Power      Damage    Failure   Level
 Apportation              Tloc           28%        N/A       17%         1
 Beastly Appendage        Tmut           28%        N/A       17%         1
 Necrotise                Necr           56%        1d6       17%         1
 Sting                    Tmut/Pois      56%        1d5       17%         1
 Cigotuvi's Dreadful Rot  Necr/Pois/Air  28%        N/A       26%         2
 Poisonous Vapours        Pois/Air       28%        N/A       26%         2
 Wereblood                Tmut           14%        N/A       26%         2
 Ignite Poison            Fire/Tmut/Pois 14%        N/A       45%         3
 Inner Flame              Hex/Fire       14%        N/A       45%         3
 Spider Form              Tmut/Pois      14%        N/A       45%         3
 Vampiric Draining        Necr           14%        2d7       45%         3
 Vhi's Electric Charge    Tloc/Air       28%        N/A       45%         3
 Volatile Blastmotes      Fire/Tloc      28%        2d12      45%         3
 Fulminant Prism          Conj/Hex       7%         3d7       86%         4
 Iskenderun's Mystic Bla  Conj/Tloc      14%        2d5       86%         4
 Olgreb's Toxic Radiance  Pois           14%        N/A       86%         4
 Agony                    Necr           14%        N/A       99%         5
 Arcjolt                  Conj/Air       7%         1d17      99%         5
 Lee's Rapid Deconstruct  Erth           7%         3d6*      99%         5
 Yara's Violent Unravell  Hex/Tmut       7%         3d5       99%         5
 Conjure Ball Lightning   Conj/Air       7%         3x3d6     100%        6
 Enfeeble                 Hex            7%         N/A       100%        7
 Maxwell's Capacitive Co  Air            7%         ∞         100%        8
 Summon Small Mammal      Summ           Unusable   N/A       N/A         1

Dungeon Overview and Level Annotations

Branches:
Dungeon (9/15) Zot: 25343  Temple (1/1) D:5 Zot: 5709    Lair (5/5) D:8 Zot: 21509
 Shoals (0/4) Lair:3       Spider (0/4) Lair:2        Slime (0/5) Lair:4
Ossuary (visited)           IceCv (visited)
    Orc: D:9-12

Altars:
Ashenzari
Cheibriados
Elyvilon
Fedhas
Gozag
Hepliaklqana
Kikubaaqudgha
Makhleb
Okawaru
Qazlal
Ru
Sif Muna
Trog
Uskayaw
Vehumet
Wu Jian
Xom
Yredelemnul
Zin
Jiyva

Shops:
D:2 ?   D:6 :   D:9 *

Annotations:
Lair:1 2 transporters


Innate Abilities, Weirdness & Mutations

You have very sharp teeth.
Your uncanny sense of smell can sniff out nearby items.
Your experience applies equally to all skills.


Message History

The six-headed hydra is moderately wounded.
The six-headed hydra bites you but does no damage. x2
The six-headed hydra bites you.
The six-headed hydra bites you but does no damage. x2
The six-headed hydra completely misses you.
You hit the six-headed hydra.
The six-headed hydra is moderately wounded.
The six-headed hydra bites you but does no damage. x6
The six-headed hydra closely misses you.
The six-headed hydra bites you!
The six-headed hydra closely misses you.
You block the six-headed hydra's attack.
The six-headed hydra bites you. The six-headed hydra bites you!
You completely miss the six-headed hydra.
You bite the six-headed hydra, but do no damage.
The six-headed hydra is moderately wounded.
You block the six-headed hydra's attack.
The six-headed hydra bites you! The six-headed hydra barely misses you.
The six-headed hydra bites you but does no damage. x2
The six-headed hydra barely misses you.
You slice one of the six-headed hydra's heads off!
The five-headed hydra grows two more!
You slash the seven-headed hydra! You bite the seven-headed hydra.
The seven-headed hydra is moderately wounded.
The seven-headed hydra bites you but does no damage.
The seven-headed hydra bites you!!
* * * LOW HITPOINT WARNING * * *
The seven-headed hydra bites you but does no damage. x2
You block the seven-headed hydra's attack.
The seven-headed hydra bites you but does no damage.
You block the seven-headed hydra's attack. x2
The seven-headed hydra barely misses you.
The seven-headed hydra bites you.
* * * LOW HITPOINT WARNING * * *
The seven-headed hydra bites you!
* * * LOW HITPOINT WARNING * * *
The seven-headed hydra bites you but does no damage.
The seven-headed hydra closely misses you.
The seven-headed hydra bites you!
You die...

.##....#..######..............##.
#.#†###...## ##...#..#......###
#..####...P####.#..#..PP.##...##.
..........##...#..............##.
.................................
......P#P#P.##...................
......#####.#....###............P
......# ###....# .#P .....##
##..@# ## .....# #.#.D# ......
###... ..... (#....[ (........ (.
.....#?. ....#..####..


You could see a neutral seven-headed hydra (fast, strong, insane).

Vanquished Creatures
  A minotaur (Lair:1)
  A hydra (Lair:3)
  2 two-headed ogres (D:8)
  7 death yaks
  The ghost of bande the Cleaver, a novice GrFi of Okawaru (Lair:1)
  An orb spider (Lair:2)
  A lindwurm (Lair:3)
  2 black mambas
  7 cane toads
  3 rime drakes
  Maggie (D:6)
  5 komodo dragons
  2 ice devils (Lair:2)
  6 polar bears
  2 hornets (Lair:3)
  A troll (D:9)
  A snapping turtle (Lair:3)
  18 blink frogs
  Sigmund (D:3)
  A wraith (D:9)
  18 yaks
  2 wyverns
  3 basilisks
  11 water moccasins
  2 orc warriors
  2 ogres
  An ice beast (D:7)
  2 centaurs
  3 black bears
  4 wolves (IceCv)
  2 phantoms
  2 kobold brigands
  A gnoll sergeant (D:9)
  Blork the orc (D:6)
  18 bullfrogs
  3 scorpions
  3 water moccasin zombies (Ossuary)
  12 wights
  22 killer bees
  2 electric eels
  6 howler monkeys
  2 jellies
  An orc priest (D:8)
  Crazy Yiuf (D:2)
  3 hounds
  Jessica (D:3)
  An iguana (D:5)
  Terence (D:2)
  A sleepcap (D:4)
  2 hell rats (Lair:3)
  2 orc wizards
  3 mummies
  Robin (D:2)
  3 gnolls (D:9)
  7 adders
  12 river rats
  An ufetubus (D:7)
  5 adder zombies (Ossuary)
  3 worms
  2 dart slugs
  23 orcs
  6 ball pythons
  6 endoplasms
  3 giant cockroaches
  9 gnoll zombies (Ossuary)
  10 goblins
  10 hobgoblins
  4 jackals
  15 kobolds
  10 bats
  2 frilled lizards (D:1)
  5 hobgoblin zombies
  6 kobold zombies (Ossuary)
  2 orc zombies
  7 rats
354 creatures vanquished.

Vanquished Creatures (others)
  17 fungi
  47 plants
64 creatures vanquished.

Grand Total: 418 creatures vanquished

Notes
Turn   | Place    | Note
-------+----------+-------------------------------------------
     0 | D:1      | NateTC the Gnoll Fighter began the quest for the Orb.
     0 | D:1      | Reached XP level 1. HP: 23/23 MP: 1/1
    87 | D:1      | Reached XP level 2. HP: 29/29 MP: 2/2
   427 | D:1      | Reached XP level 3. HP: 33/35 MP: 3/3
   531 | D:1      | Found a faded altar of an unknown god.
   715 | D:2      | Found Sunut's Magic Scroll Boutique.
   720 | D:2      | Reached skill level 1 in Invocations
   784 | D:2      | Reached skill level 1 in Short Blades
   784 | D:2      | Reached skill level 1 in Axes
   784 | D:2      | Reached skill level 1 in Maces & Flails
   784 | D:2      | Reached skill level 1 in Polearms
   784 | D:2      | Reached skill level 1 in Staves
   784 | D:2      | Reached skill level 1 in Ranged Weapons
   784 | D:2      | Reached skill level 1 in Throwing
   784 | D:2      | Reached skill level 1 in Dodging
   784 | D:2      | Reached skill level 1 in Stealth
   784 | D:2      | Reached skill level 1 in Unarmed Combat
   784 | D:2      | Reached skill level 1 in Spellcasting
   784 | D:2      | Reached skill level 1 in Evocations
   975 | D:2      | Reached XP level 4. HP: 40/41 MP: 5/5
  1120 | D:2      | Reached skill level 1 in Conjurations
  1120 | D:2      | Reached skill level 1 in Hexes
  1120 | D:2      | Reached skill level 1 in Summonings
  1120 | D:2      | Reached skill level 1 in Necromancy
  1120 | D:2      | Reached skill level 1 in Translocations
  1120 | D:2      | Reached skill level 1 in Transmutations
  1120 | D:2      | Reached skill level 1 in Fire Magic
  1120 | D:2      | Reached skill level 1 in Ice Magic
  1120 | D:2      | Reached skill level 1 in Air Magic
  1120 | D:2      | Reached skill level 1 in Earth Magic
  1120 | D:2      | Reached skill level 1 in Poison Magic
  1242 | D:2      | Noticed Robin
  1253 | D:2      | Killed Robin
  1461 | D:2      | Noticed Terence
  1473 | D:2      | Killed Terence
  1474 | D:2      | Reached XP level 5. HP: 39/47 MP: 7/7
  1681 | D:2      | Found a runed translucent door.
  1682 | D:2      | Noticed Crazy Yiuf
  1694 | D:2      | Killed Crazy Yiuf
  1835 | D:2      | Identified the +1 hammer "Ocsiwah" {drain, Drain rElec rC+
                  | SInv}
  1896 | D:3      | Noticed Jessica
  1904 | D:3      | Killed Jessica
  2096 | D:3      | Noticed Sigmund
  2109 | D:3      | Killed Sigmund
  2110 | D:3      | Reached skill level 5 in Long Blades
  2110 | D:3      | Reached XP level 6. HP: 43/53 MP: 7/9
  2134 | D:3      | Found a stormy altar of Qazlal.
  2134 | D:3      | Found an ancient bone altar of Kikubaaqudgha.
  2138 | D:3      | Found a shimmering altar of Xom.
  2138 | D:3      | Found a broken altar of Ashenzari.
  3115 | D:4      | Reached XP level 7. HP: 53/60 MP: 10/10
  3777 | D:5      | Entered Level 5 of the Dungeon
  4147 | D:5      | Found a staircase to the Ecumenical Temple.
  4160 | Temple   | Entered the Ecumenical Temple
  4372 | Temple   | Became a worshipper of Warmaster Okawaru
  4618 | D:5      | Reached XP level 8. HP: 51/67 MP: 12/12
  5653 | D:6      | Reached * piety under Okawaru
  5720 | D:6      | Found a sand-covered staircase.
  5728 | Ossuary  | Entered an ossuary
  6023 | D:6      | Identified a scroll of acquirement
  6023 | D:6      | Acquired a +2 double sword of protection
  6105 | D:6      | Reached XP level 9. HP: 36/59 MP: 14/14
  6133 | D:6      | Reached ** piety under Okawaru
  6283 | D:6      | Noticed Blork the orc
  6293 | D:6      | Killed Blork the orc
  6613 | D:6      | Found a basalt altar of Yredelemnul.
  6643 | D:6      | Found Kuoneuno's Tremendous Tomes.
  6830 | D:6      | Noticed Maggie
  6851 | D:6      | Killed Maggie
  6977 | D:7      | Found a hide-covered altar of Uskayaw.
  7136 | D:7      | Reached skill level 5 in Invocations
  7614 | D:7      | Reached *** piety under Okawaru
  7629 | D:7      | Found a blossoming altar of Fedhas.
  7866 | D:7      | Reached skill level 5 in Short Blades
  7866 | D:7      | Reached skill level 5 in Axes
  7866 | D:7      | Reached skill level 5 in Maces & Flails
  7866 | D:7      | Reached skill level 5 in Polearms
  7866 | D:7      | Reached skill level 5 in Staves
  7866 | D:7      | Reached skill level 5 in Ranged Weapons
  7866 | D:7      | Reached skill level 5 in Throwing
  7866 | D:7      | Reached skill level 5 in Dodging
  7866 | D:7      | Reached skill level 5 in Stealth
  7866 | D:7      | Reached skill level 5 in Unarmed Combat
  7866 | D:7      | Reached skill level 5 in Spellcasting
  7866 | D:7      | Reached skill level 5 in Evocations
  7866 | D:7      | Reached XP level 10. HP: 73/81 MP: 17/17
  8298 | D:8      | Found a snail-covered altar of Cheibriados.
  8326 | D:8      | Found a sacrificial altar of Ru.
  8385 | D:8      | Noticed a death yak
  8391 | D:8      | Noticed a death yak
  8393 | D:8      | Noticed a death yak
  8399 | D:8      | Killed a death yak
  8399 | D:8      | Reached **** piety under Okawaru
  8420 | D:8      | Killed a death yak
  8428 | D:8      | Killed a death yak
  8677 | D:8      | Identified the +6 halberd of Crusades {elec, rN+ Dex+4}
  8757 | D:8      | Reached skill level 5 in Conjurations
  8757 | D:8      | Reached skill level 5 in Hexes
  8757 | D:8      | Reached skill level 5 in Summonings
  8757 | D:8      | Reached skill level 5 in Necromancy
  8757 | D:8      | Reached skill level 5 in Translocations
  8757 | D:8      | Reached skill level 5 in Transmutations
  8757 | D:8      | Reached skill level 5 in Fire Magic
  8757 | D:8      | Reached skill level 5 in Ice Magic
  8757 | D:8      | Reached skill level 5 in Air Magic
  8757 | D:8      | Reached skill level 5 in Earth Magic
  8757 | D:8      | Reached skill level 5 in Poison Magic
  9326 | D:8      | Noticed a two-headed ogre
  9390 | D:8      | Reached XP level 11. HP: 89/89 MP: 20/20
  9473 | D:8      | Killed a two-headed ogre
  9558 | D:8      | Found a staircase to the Lair.
  9874 | D:9      | Noticed a two-headed ogre
  9903 | D:8      | Killed a two-headed ogre
 10133 | D:9      | Found Uloku's Changing Room.
 10483 | D:9      | Found a radiant altar of Vehumet.
 10845 | Lair:1   | Entered Level 1 of the Lair of Beasts
 11528 | Lair:1   | Found a transporter.
 11677 | Lair:1   | Found a transporter.
 11797 | Lair:1   | Noticed bande's ghost (novice GrFi)
 11813 | Lair:1   | Noticed a minotaur
 11839 | Lair:1   | Found a runed translucent gate.
 11839 | Lair:1   | Found a runed translucent gate.
 11839 | Lair:1   | Found a runed translucent gate.
 12377 | Lair:2   | Reached ***** piety under Okawaru
 12584 | Lair:2   | Reached XP level 12. HP: 56/97 MP: 16/22
 12913 | Lair:2   | Found a frozen archway.
 12946 | IceCv    | Entered an ice cave
 12957 | IceCv    | Received a gift from Okawaru
 13230 | IceCv    | Noticed a death yak
 13484 | Lair:2   | Acquired the +0 pair of gloves of Impermeability {rF+}
 13534 | Lair:2   | Reached skill level 10 in Fighting
 13534 | Lair:2   | Reached skill level 10 in Armour
 13534 | Lair:2   | Reached skill level 10 in Shields
 13629 | Lair:2   | Found a hole to the Spider Nest.
 13768 | Lair:2   | Identified the +4 lajatang of Compassion {antimagic, Str+2
                  | Int+3} (Okawaru gifted it to you on level 2 of the Lair of
                  | Beasts)
 13768 | Lair:2   | Received a gift from Okawaru
 14524 | Lair:2   | Got the Vademecum on the Snake and Austromancy
 14867 | Lair:2   | Upgraded the game from 0.31-a0-1-g4198be8af4 to
                  | 0.31-a0-4-gefa6de2278
 15783 | Lair:3   | Noticed a death yak
 15783 | Lair:3   | Noticed a death yak
 15784 | Lair:3   | Noticed a death yak
 15784 | Lair:3   | Noticed a death yak
 15813 | Lair:2   | Killed a death yak
 16027 | Lair:2   | Killed a death yak
 16210 | Lair:2   | Killed a death yak
 16353 | Lair:3   | Killed a death yak
 17235 | Lair:3   | Found a staircase to the Shoals.
 17261 | Lair:3   | Reached XP level 13. HP: 70/104 MP: 25/25
 17787 | Lair:3   | Identified the staff of air "Xaacs" {rElec Will+ Str+5}
 18148 | Lair:4   | Found a viscous altar of Jiyva.
 18149 | Lair:4   | Found a staircase to the Slime Pits.
 19247 | Lair:1   | Received a gift from Okawaru
 19271 | Lair:1   | Killed bande's ghost
 19284 | Lair:1   | Killed a minotaur
 19500 | Lair:1   | Identified the +0 pair of gloves "Norhal" {Regen+ rCorr
                  | Dex-3}
 19563 | Lair:5   | Entered Level 5 of the Lair of Beasts
 19689 | Lair:4   | HP: 4/104 [komodo dragon (20)]
 20186 | Lair:5   | HP: 3/105 [seven-headed hydra (10)]
 20186 | Lair:5   | Mangled by a seven-headed hydra

Illustrated notes

Levels and vault maps discovered:
D:1:      minmay_arrival_shattered_statue, layout_basic,
          dilly_ecumenical_altar_fadedgnrine
D:2:      layout_basic, serial_curves, eino_curves_04, eino_curves_02,
          eino_curves_01, serial_shops, shop, chequers_serial_rivers_room_a,
          grunt_decor_fettered, serial_bayou_pond_d, reono_crystal_passage,
          uniq_terence, uniq_robin, uniq_crazy_yiuf_cottage
D:3:      layout_loops_ring, grunt_temple_overflow_open, uniq_jessica,
          uniq_sigmund
D:4:      cheibrodos_helix_gallery, layout_loops_corners
D:5:      layout_gridville, minmay_temple_entry_ruins, grunt_ministairs_5
D:6:      layout_gridville, lemuel_crystal_altar, nicolae_ossuary_entry_giza,
          nicolae_shop_i_like_big_books, minivault_27, uniq_blork_the_orc,
          uniq_maggie
D:7:      layout_loops_ring, eat_drink_and_be_merry_uskayaw,
          fedhas_altar_fruit_tree, nicolae_concentric_dashed_squares_mild
D:8:      layout_cave_pools, mainiacjoe_overflow_two_lobes, dpeg_lair_monsters,
          minmay_puff
D:9:      layout_cave_pools, mainiacjoe_overflow_six_doors_small,
          nicolae_transmutations_shop
Temple:   chequers_temple_sunken
Lair:1:   gammafunk_worm_tunnel, layout_chaotic_city, gauntlet_entry_generic,
          maelrawn_ghost_gauntlet_escape, serial_bayou_shore_a,
          grunt_megastairs_3
Lair:2:   layout_layer_cave, nicolae_spider_entry_orb_guardian,
          portal_ice_cave_demonic_guard, eino_small_chamber_without_monster,
          gammafunk_lair_bear_cave
Lair:3:   cheibrodos_lair_overgrown_chateau, layout_cave_pods,
          minmay_shoals_entry_hut, kennysheep_rathole,
          infiniplex_staircase_pool_2
Lair:4:   layout_cave_pods, dpeg_slime_entry_enclosed
Lair:5:   evilmike_catoblepas_cave, layout_small_grid

Skill      XL: |  1  2  3  4  5  6  7  8  9 10 11 12 13 |
---------------+----------------------------------------+-----
Invocations    | 1 2 3 4 5 6 7 8 9 |  9.4
Short Blades   | 1 2 3 5 6 7 8 |  8.6
Axes           | 1 2 3 5 6 7 8 |  8.6
Maces & Flails | 1 2 3 5 6 7 8 |  8.6
Polearms       | 1 2 3 5 6 7 8 |  8.6
Staves         | 1 2 3 5 6 7 8 |  8.6
Ranged Weapons | 1 2 3 5 6 7 8 |  8.6
Throwing       | 1 2 3 5 6 7 8 |  8.6
Dodging        | 1 2 3 5 6 7 8 |  8.6
Stealth        | 1 2 3 5 6 7 8 |  8.6
Unarmed Combat | 1 2 3 5 6 7 8 |  8.6
Spellcasting   | 1 2 3 5 6 7 8 |  8.6
Evocations     | 1 2 3 5 6 7 8 |  8.6
Conjurations   | 1 2 3 4 5 6 7 |  7.1
Hexes          | 1 2 3 4 5 6 7 |  7.1
Summonings     | 1 2 3 4 5 6 7 |  7.1
Necromancy     | 1 2 3 4 5 6 7 |  7.1
Translocations | 1 2 3 4 5 6 7 |  7.1
Transmutations | 1 2 3 4 5 6 7 |  7.1
Fire Magic     | 1 2 3 4 5 6 7 |  7.1
Ice Magic      | 1 2 3 4 5 6 7 |  7.1
Air Magic      | 1 2 3 4 5 6 7 |  7.1
Earth Magic    | 1 2 3 4 5 6 7 |  7.1
Poison Magic   | 1 2 3 4 5 6 7 |  7.1
Long Blades    | 5 6 7 8 9 |  9.8
Fighting       | 7 8 9 10 | 10.8
Armour         | 7 8 9 10 | 10.8
Shields        | 7 8 9 10 | 10.8

Action                     |  1- 3 |  4- 6 |  7- 9 | 10-12 | 13-15 || total
---------------------------+-------+-------+-------+-------+-------++-------
  Melee: Long sword        |    75 |   141 |   212 |       |       ||   428
         Bite              |     4 |    15 |    60 |   122 |    31 ||   232
         Mace              |       |       |   176 |       |       ||   176
         Double sword      |       |       |   189 |   884 |   273 ||  1346
  Throw: Dart              |       |       |       |       |     3 ||     3
 Invoke: Heroism           |       |       |       |    12 |     2 ||    14
         Finesse           |       |       |       |     6 |     1 ||     7
  Evoke: Wand              |       |       |       |     4 |       ||     4
    Use: Scroll            |     4 |     4 |     8 |     7 |     2 ||    25
         Potion            |       |     1 |     1 |     3 |     7 ||    12
   Stab: Distracted        |       |       |       |     1 |       ||     1
 Armour: Scale mail        |    29 |    41 |    30 |       |       ||   100
         Chain mail        |       |       |   365 |   141 |       ||   506
         Plate armour      |       |       |       |   557 |   317 ||   874
  Dodge: Dodged            |    46 |    55 |   266 |   421 |   184 ||   972
  Block: Buckler           |    22 |    31 |   163 |   326 |   118 ||   660

Table legend: (Time is in decaauts)
 A = Elapsed time spent in this place.
 B = Non-inter-level travel time spent in this place.
 C = Inter-level travel time spent in this place.
 D = Time resting spent in this place.
 E = Time spent auto-exploring this place.
 F = Levels seen in this place.
 G = Mean time per level.
                   A        B        C        D        E       F      G
               +--------+--------+--------+--------+--------+-----+--------+
         Total |  20417 |  19147 |   1270 |   6061 |   6703 |  17 | 1201.0 |
       Dungeon |  11014 |   9987 |   1027 |   2554 |   4129 |   9 | 1223.8 |
        Temple |    291 |    247 |     44 |      0 |    239 |   1 |  291.0 |
          Lair |   8489 |   8291 |    198 |   3208 |   2335 |   5 | 1697.8 |
       Ossuary |    323 |    323 |      0 |     56 |      0 |   1 |  323.0 |
      Ice Cave |    299 |    299 |      0 |    243 |      0 |   1 |  299.0 |
               +--------+--------+--------+--------+--------+-----+--------+

Top non-repeatable levels by time:
  Lair:2: 2885 daAuts
     D:8: 2446 daAuts
  Lair:3: 2411 daAuts
  Lair:4: 1573 daAuts
     D:2: 1536 daAuts
  Lair:1: 1273 daAuts
     D:6: 1266 daAuts
     D:5: 1231 daAuts
     D:7: 1075 daAuts
     D:4: 1049 daAuts
     D:9: 937 daAuts
     D:1: 749 daAuts
     D:3: 721 daAuts
  Lair:5: 345 daAuts
 Ossuary: 323 daAuts
